 Dungeon Crawl Stone Soup version 0.26-a0-1205-g4083c211ab (webtiles) character file.

Game seed: 10656201809921808156

316 CurlyBrace the Sneak (level 6, -2/43 HPs)
             Began as a Felid Delver on Dec 29, 2020.
             Slain by an iguana (5 damage)
             ... on level 5 of the Dungeon.
             The game lasted 00:02:46 (172 turns).

CurlyBrace the Sneak (Felid Delver)                  Turns: 172, Time: 00:02:47

Health: -2/43      AC: 23    Str:  8    XL:     6   Next: 20%
Magic:  7/7        EV:  4    Int: 13    God:
Gold:   29         SH:  0    Dex: 18    Spells: 5/5 levels left
                                        Lives:  0   Deaths: 1

rFire    x . .     SeeInvis +     - Unarmed
rCold    + . .     Faith    .   (shield unavailable)
rNeg     + + +     Spirit   .   (armour unavailable)
rPois    +         Reflect  .   (helmet unavailable)
rElec    .         Harm     .   (cloak unavailable)
rCorr    .         Rampage  .   (gloves unavailable)
Will     .....     NoTele   +   (boots unavailable)
Stlth    ++++......             (no amulet)
HPRegen  0.14/turn              g - ring of ice
MPRegen  0.10/turn              (no ring)

@: tree-form
A: very small, no armour, no weapons or thrown items, stealth, see invisible
a: no special abilities


You were on level 5 of the Dungeon.
You were a tree.
You visited 1 branch of the dungeon, and saw 2 of its levels.

You collected 29 gold pieces.

Inventory:

Jewellery
 g - a ring of ice (left branch)
Wands
 b - a wand of flame (13)
 e - a wand of digging (3)
Scrolls
 a - a scroll of fog
 c - a scroll of fear
Potions
 d - a potion of haste


   Skills:
 * Level 4.7 Fighting
 + Level 4.5 Dodging
 - Level 7.0 Stealth
 * Level 4.6 Unarmed Combat
 - Level 1.0 Evocations


You had 5 spell levels left.
You didn't know any spells.
Your spell library was empty.

Dungeon Overview and Level Annotations

Branches:
Dungeon (6/15)
 Temple: D:4-7

Altars:


Innate Abilities, Weirdness & Mutations

You cannot wear armour.
You are incapable of wielding weapons or throwing items.
Your paws allow you to move quietly. (Stealth)
((You have sharp claws.))
((You have razor-sharp teeth.))
You have supernaturally acute eyesight. (SInv)
((You cover ground quickly.))
((You are covered in thick fur. (AC +2)))
((Your sharp claws are effective at attacking unaware monsters.))


Message History

The iguana bites you but does no damage.
You hit the iguana.
The iguana is heavily wounded.
The iguana bites you.
* * * LOW HITPOINT WARNING * * *
You hit the iguana but do no damage.
The iguana is heavily wounded.
The iguana bites you but does no damage.
You barely miss the iguana.
The iguana is heavily wounded.
The iguana bites you but does no damage.
You barely miss the iguana.
The iguana is heavily wounded.
You hit the iguana.
The iguana is severely wounded.
The iguana bites you but does no damage.
You barely miss the iguana.
The iguana is severely wounded.
The iguana bites you.
You die...

*,,,,,,,,,,,,,,,,,,
*,,,,,,,******,,,,,
*,,,,,,,*,,,,*,*+**
#####################,*,*,,,,*,*
....#†....#.....#l?$#,*,******,*
....#.....#.....#O).#,*,,,,,,*,*
.#..#..#..#..#..#$(?#,****,,,*,*
.#..#..#..#..#..###'#,,,,,,,,*,*
.#.....#.....#..♣)..#,****,*,*,*
.#..(..#.....#...l..#,* *,*,*,*
.####################,* *,*,*,*
....................,,* *,*,*,*
....................,,* *,*,*,*
.###################*** *,*,,,*
.#.....#,....#,,,,,,* *,******
.#.....#,....#,,,,,,* *,,,,,,,
.#..#..#.[#..#,,***+* ********


You could see an iguana.

Vanquished Creatures
  An orc warrior (D:5)
  2 ogres (D:5)
  A jelly (D:5)
  A hound (D:5)
  An iguana (D:5)
  A worker ant zombie (D:5)
  2 adders (D:5)
  2 leopard geckos (D:5)
  An orc (D:5)
12 creatures vanquished.

Notes
Turn   | Place    | Note
-------+----------+-------------------------------------------
     0 | D:5      | CurlyBrace the Felid Delver began the quest for the Orb.
     0 | D:5      | Reached XP level 1. HP: 10/10 MP: 2/2
     6 | D:6      | Noticed a big kobold
     6 | D:6      | Noticed a jelly
    53 | D:5      | Noticed an ogre
    61 | D:5      | Killed an ogre
    62 | D:5      | Reached skill level 7 in Stealth
    62 | D:5      | Reached XP level 2. HP: 12/14 MP: 3/3
    62 | D:5      | Reached XP level 3. HP: 14/17 MP: 4/4
    62 | D:5      | Reached XP level 4. HP: 18/21 MP: 5/5
    86 | D:5      | Killed from afar by a white imp
    87 | D:5      | Reached XP level 3. HP: -1/17 MP: 4/4
   108 | D:5      | Reached XP level 4. HP: 21/21 MP: 5/5
   136 | D:5      | Reached XP level 5. HP: 10/25 MP: 6/6
   141 | D:5      | Noticed an orc warrior
   142 | D:5      | Noticed an ogre
   152 | D:5      | Killed an orc warrior
   153 | D:5      | Reached skill level 1 in Evocations
   164 | D:5      | Killed an ogre
   165 | D:5      | Gained mutation: You are covered in thick fur. (AC +2)
                  | [Felid growth]
   165 | D:5      | Reached XP level 6. HP: 4/29 MP: 7/7
   172 | D:5      | Slain by an iguana

Illustrated notes

Levels and vault maps discovered:
D:5:      kennysheep_windowed_halls, layout_basic
D:6:      layout_rooms, lightli_temple_of_fire, minmay_temple_entry_tees,
          uniq_blork_the_orc

Skill      XL: |  1  2  3  4  5 |
---------------+----------------+-----
Dodging        | 3 4 |  4.5
Stealth        | 7 |  7.0
Unarmed Combat | 3 4 |  4.6
Fighting       | 4 |  4.7
Evocations     | 1 |  1.0

Action                   |  1- 3 |  4- 6 || total
-------------------------+-------+-------++-------
Melee: Unarmed           |    15 |    29 ||    44
       Bite              |     1 |     1 ||     2
       Punch             |       |     1 ||     1
Evoke: Wand              |       |     6 ||     6
  Use: Scroll            |     1 |       ||     1
       Potion            |       |     2 ||     2
 Stab: Sleeping          |     3 |     4 ||     7
Armor: Skin              |       |     8 ||     8
Dodge: Dodged            |    11 |    15 ||    26

Table legend: (Time is in decaauts)
 A = Elapsed time spent in this place.
 B = Non-inter-level travel time spent in this place.
 C = Inter-level travel time spent in this place.
 D = Time resting spent in this place.
 E = Time spent auto-exploring this place.
 F = Levels seen in this place.
 G = Mean time per level.
                   A        B        C        D        E       F      G
               +--------+--------+--------+--------+--------+-----+--------+
         Total |    149 |    149 |      0 |      0 |      0 |   2 |   74.5 |
       Dungeon |    149 |    149 |      0 |      0 |      0 |   2 |   74.5 |
               +--------+--------+--------+--------+--------+-----+--------+

Top non-repeatable levels by time:
     D:5: 143 daAuts
     D:6: 5 daAuts
